 Dungeon Crawl Stone Soup version 0.31-a0-408-gb642c7f9a3 (webtiles) character file.

Game seed: 4913630594222678634

1827 avis the Grappler (level 9, -1/78 HPs)
             Began as a Hill Orc Shapeshifter on July 30, 2023.
             Was a Believer of Beogh.
             Killed from afar by an electric eel (12 damage)
             ... with a bolt of electricity
             ... on level 6 of the Dungeon.
             The game lasted 00:42:39 (6927 turns).

avis the Grappler (Hill Orc Shapeshifter)           Turns: 6927, Time: 00:42:39

Health: -1/78      AC: 11    Str: 22    XL:     9   Next: 11%
Magic:  12/12      EV:  6    Int:  8    God:    Beogh [**....]
Gold:   236        SH:  3    Dex: 11    Spells: 8/8 levels left

rFire   . .          .
                       - Unarmed
rCold   . . .        p - +0 buckler
rNeg    . . .        n - +0 plate armour
rPois   .            F - melded +0 helmet
rElec   .            o - melded +0 cloak
rCorr   .            z - melded +0 pair of gloves
SInv    .            H - melded +0 pair of boots
Will    .....        j - amulet of faith Stlth
                     (no ring)
HPRegen 0.33/turn    (no ring)
MPRegen 0.13/turn

%: faith
@: beast-form
A: beast (slay +3)
a: Begin Untransformation, Renounce Religion, Smiting


You were on level 6 of the Dungeon.
You worshipped Beogh.
Beogh was pleased with you.
You were a hulking beast.
You visited 2 branches of the dungeon, and saw 7 of its levels.
You also visited: Sewer.

You collected 236 gold pieces.

Inventory:

Hand Weapons
 a - a +4 quarterstaff of chaos
 l - a +0 trident
 q - a +0 halberd
 w - a +1 heavy spear
 D - a +0 flail of holy wrath
 E - a +0 halberd
 G - a +0 halberd
Missiles
 h - 8 boomerangs
 J - a curare-tipped dart
Armour
 n - a +0 plate armour (worn)
 o - a +0 cloak (melded)
 p - a +0 buckler (worn)
 z - a +0 pair of gloves (melded)
 A - a +0 chain mail
 F - a +0 helmet (melded)
 H - a +0 pair of boots (melded)
 I - a +0 buckler
Jewellery
 j - an amulet of faith (around neck)
 Y - a ring of see invisible
Talismans
 c - a beast talisman
Scrolls
 b - a scroll of revelation {unknown}
 d - 3 scrolls of blinking {unknown}
 f - a scroll of acquirement {unknown}
 g - a scroll of amnesia {unknown}
 m - a scroll of summoning {unknown}
 r - 3 scrolls of teleportation {unknown}
 s - 3 scrolls of identify {unknown}
 t - a scroll of brand weapon {unknown}
 u - 2 scrolls of enchant armour {unknown}
 y - a scroll of immolation {unknown}
 C - a scroll of poison {unknown}
 M - 2 scrolls of enchant weapon {unknown}
Potions
 e - 2 potions of curing
 i - a potion of cancellation {unknown}
 k - a potion of resistance {unknown}
 v - a potion of mutation
 x - 5 potions of enlightenment
 B - a potion of haste {unknown}
 N - 2 potions of heal wounds {unknown}
 P - a potion of might {unknown}
 R - a potion of lignification
 S - a potion of attraction {unknown}
 Z - a potion of brilliance {unknown}


   Skills:
 + Level 6.5 Fighting
 + Level 2.7 Armour
 - Level 2.0 Dodging
 * Level 8.1 Unarmed Combat
 + Level 5.2 Invocations
 - Level 5.0 Shapeshifting


You had 8 spell levels left.
You didn't know any spells.
Your spell library contained the following spells:

 Spells                   Type           Power      Damage    Failure   Level
 Sting                    Tmut/Pois      0%         1d3       100%        1
 Poisonous Vapours        Pois/Air       0%         N/A       100%        2
 Olgreb's Toxic Radiance  Pois           0%         N/A       100%        4


Dungeon Overview and Level Annotations

Branches:
Dungeon (6/15)             Temple (1/1) D:5           Sewer (visited)

Altars:
Elyvilon
Fedhas
Gozag
Makhleb
Okawaru
Sif Muna
Trog
Uskayaw
Xom
Yredelemnul
Zin
The Shining One

Shops:
D:4 [[=

Annotations:
D:5 1 runed translucent door, GamesABlazin's ghost, novice HuSh


Message History

There is an open door here.
Things that are here:
a +0 dagger; 5 stones; a kobold corpse
Found a hand axe.
You see here a +0 hand axe.
An electric eel is nearby!
You see here a +0 hand axe.
The electric eel shoots out a bolt of lightning at you!
The bolt of electricity hits you!
The electric eel shoots out a bolt of lightning at you!
The bolt of electricity hits you.
The electric eel shoots out a bolt of lightning at you!
The bolt of electricity hits you.
The electric eel shoots out a bolt of lightning at you!
The bolt of electricity hits you!
The electric eel shoots out a bolt of lightning at you!
The bolt of electricity misses you.
The electric eel shoots out a bolt of lightning at you!
The bolt of electricity hits the electric eel.
The electric eel completely resists.
The bolt of electricity hits you.
You hit the electric eel.
The electric eel is lightly wounded.
The electric eel shoots out a bolt of lightning at you!
The bolt of electricity hits you!
The electric eel shoots out a bolt of lightning at you!
The bolt of electricity hits the electric eel.
The electric eel completely resists.
The bolt of electricity hits you!
You punch the electric eel!
The electric eel is almost dead.
The electric eel shoots out a bolt of lightning at you!
The bolt of electricity hits the electric eel.
The electric eel completely resists.
The bolt of electricity hits you!
The electric eel shoots out a bolt of lightning at you!
The bolt of electricity hits you!
* * * LOW HITPOINT WARNING * * *
You barely miss the electric eel.
The electric eel is almost dead.
The electric eel shoots out a bolt of lightning at you!
The bolt of electricity hits you!
You die...

####........##..###~~~ ~~~≈~~~♣♣~
)).)).............~~P~ ~~S≈≈≈~~~P
####.............♣~~~~~P~P~~~~~P~
...'.........)...♣.P..S~~~~P~~P~~
####.....................~.~~~~~♣
#...........................##
##########.....♣~~~~.............
..... #.#...~♣♣~~~~~~..~....##
..... #.#....hS♣~~~ ~~~~~~.##
..... ..........#♣~P~ ~~P♣P#.
..... .....###### ♣♣ ♣.#. g....
......# # #. g.... ......# #.
..... ......# g.... ..... #....
....


You could see 2 electric eels.

Vanquished Creatures
  A troll (D:5)
  Sigmund (D:4)
  Duvessa (D:4)
  An ice beast (D:6)
  2 kobold brigands (D:6)
  A scorpion (D:6)
  A gnoll sergeant (D:5)
  Dowan (D:4)
  3 hounds
  An orc priest (D:3)
  2 gnoll boudas
  Crazy Yiuf (D:2)
  2 iguanas (D:6)
  5 orc wizards
  Robin (D:3)
  14 adders
  22 gnolls
  5 river rats (Sewer)
  2 white imps
  2 worms (Sewer)
  2 dart slugs
  11 orcs
  12 bats
  4 endoplasms
  2 giant cockroaches
  14 goblins
  12 hobgoblins
  16 jackals
  5 quokkas
  14 ball pythons
  4 frilled lizards
  10 kobolds
  3 rats
178 creatures vanquished.

Vanquished Creatures (others)
  An orc (D:3)
1 creature vanquished.

Grand Total: 179 creatures vanquished

Notes
Turn   | Place    | Note
-------+----------+-------------------------------------------
     0 | D:1      | avis the Hill Orc Shapeshifter began the quest for the Orb.
     0 | D:1      | Reached XP level 1. HP: 16/16 MP: 1/1
    17 | D:1      | Noticed a minotaur skeleton
    90 | D:1      | Reached XP level 2. HP: 17/23 MP: 2/2
   446 | D:1      | Reached XP level 3. HP: 29/29 MP: 3/3
   662 | D:2      | Reached XP level 4. HP: 31/37 MP: 4/4
   725 | D:2      | HP: 2/55 [orc/boomerang (4)]
  1132 | D:2      | Reached skill level 4 in Unarmed Combat
  1436 | D:2      | Found a runed translucent door.
  1437 | D:2      | Noticed Crazy Yiuf
  1452 | D:2      | Killed Crazy Yiuf
  1453 | D:2      | Reached XP level 5. HP: 22/45 MP: 5/5
  1629 | D:3      | Found a glowing drain.
  1638 | Sewer    | Entered a sewer
  1896 | Sewer    | Reached XP level 6. HP: 28/51 MP: 6/6
  2558 | D:3      | Became a worshipper of Beogh the Brigand
  2826 | D:3      | Reached skill level 1 in Armour
  2850 | D:3      | Noticed Robin
  2864 | D:3      | Reached * piety under Beogh
  2877 | D:3      | Killed Robin
  2878 | D:3      | Reached XP level 7. HP: 47/60 MP: 7/7
  3066 | D:3      | Reached skill level 5 in Unarmed Combat
  3288 | D:3      | Reached skill level 1 in Invocations
  3294 | D:3      | Found an iron altar of Okawaru.
  3605 | D:4      | Found Ypnunyff's Armour Shop.
  3606 | D:4      | Noticed Sigmund
  3613 | D:4      | Killed Sigmund
  3670 | D:4      | Noticed Duvessa
  3672 | D:4      | Noticed Dowan
  3684 | D:4      | Killed Duvessa
  3685 | D:4      | Reached skill level 5 in Fighting
  3685 | D:4      | Reached skill level 6 in Unarmed Combat
  3980 | D:4      | Found Haekawuc's Armour Emporium.
  3980 | D:4      | Noticed an animated plate armour
  3980 | D:4      | Noticed an animated pearl dragon scales
  3985 | D:4      | Reached ** piety under Beogh
  4062 | D:4      | Killed Dowan
  4063 | D:4      | Reached XP level 8. HP: 43/68 MP: 10/10
  4211 | D:4      | Found Timium's Jewellery Emporium.
  4342 | D:5      | Entered Level 5 of the Dungeon
  4723 | D:5      | Noticed GamesABlazin's ghost (novice HuSh)
  4729 | D:5      | Found a runed translucent door.
  4739 | D:5      | Noticed a troll
  4747 | D:5      | Killed a troll
  4748 | D:5      | Reached skill level 5 in Shapeshifting
  4759 | D:5      | Reached skill level 7 in Unarmed Combat
  5126 | D:5      | Found a staircase to the Ecumenical Temple.
  5920 | Temple   | Entered the Ecumenical Temple
  6696 | D:5      | Reached XP level 9. HP: 75/75 MP: 12/12
  6757 | D:6      | Reached skill level 5 in Invocations
  6875 | D:6      | Reached skill level 8 in Unarmed Combat
  6927 | D:6      | Killed from afar by an electric eel

Illustrated notes

Levels and vault maps discovered:
D:1:      shiori_arrival_whats_in_store_for_you, layout_basic
D:2:      layout_rooms, lightli_corner_chamber, uniq_crazy_yiuf_cottage
D:3:      layout_basic, okawaru_altar_gauntlet_db, portal_sewer_entry_d,
          minivault_11, uniq_robin
D:4:      layout_basic, serial_shops, nicolae_shop_advertising_works
          [nicolae_subvault_shop_adworks], shop, nicolae_shop_mannequins,
          uniq_sigmund, uniq_duvessa
D:5:      layout_basic, minmay_temple_entry_junction,
          hellmonk_ghost_happy_afterlife, corexii_hall_statues_u
D:6:      layout_basic, nemelex_dance_club_becter, serial_shops,
          nicolae_shop_gibbet_a_chance, serial_bayou_ford_a, minmay_microvault
Temple:   bh_familiar_temple

Skill      XL: |  1  2  3  4  5  6  7  8  9 |
---------------+----------------------------+-----
Shapeshifting  | 3 4 5 |  5.0
Fighting       | 2 3 4 5 6 |  6.5
Dodging        | 2 |  2.0
Unarmed Combat | 4 6 7 8 |  8.1
Armour         | 1 2 |  2.7
Invocations    | 2 4 5 |  5.2

Action                     |  1- 3 |  4- 6 |  7- 9 || total
---------------------------+-------+-------+-------++-------
  Melee: Unarmed           |    69 |    75 |    92 ||   236
         Punch             |     5 |       |     2 ||     7
         Quarterstaff      |       |   189 |    95 ||   284
  Throw: Throwing net      |       |       |     1 ||     1
 Invoke: Convert to Beogh  |       |     1 |       ||     1
         Smiting           |       |       |     3 ||     3
Ability: Begin Untransform |       |     2 |     2 ||     4
    Use: Potion            |       |     3 |     1 ||     4
   Stab: Sleeping          |       |     1 |       ||     1
         Paralysed         |       |     1 |       ||     1
 Armour: Animal skin       |    12 |    11 |       ||    23
         Skin              |       |     8 |       ||     8
         Chain mail        |       |     3 |       ||     3
         Plate armour      |       |   195 |   129 ||   324
  Dodge: Dodged            |    40 |   121 |    64 ||   225
  Block: Buckler           |       |       |     9 ||     9
   Form: Beast             |       |     2 |     2 ||     4

Table legend: (Time is in decaauts)
 A = Elapsed time spent in this place.
 B = Non-inter-level travel time spent in this place.
 C = Inter-level travel time spent in this place.
 D = Time resting spent in this place.
 E = Time spent auto-exploring this place.
 F = Levels seen in this place.
 G = Mean time per level.
                   A        B        C        D        E       F      G
               +--------+--------+--------+--------+--------+-----+--------+
         Total |   7142 |   6474 |    668 |   1307 |   2883 |   8 |  892.8 |
       Dungeon |   6171 |   5503 |    668 |   1059 |   2883 |   6 | 1028.5 |
        Temple |     22 |     22 |      0 |      0 |      0 |   1 |   22.0 |
         Sewer |    948 |    948 |      0 |    248 |      0 |   1 |  948.0 |
               +--------+--------+--------+--------+--------+-----+--------+

Top non-repeatable levels by time:
     D:5: 1989 daAuts
     D:3: 1382 daAuts
   Sewer: 948 daAuts
     D:2: 916 daAuts
     D:4: 717 daAuts
     D:1: 707 daAuts
     D:6: 459 daAuts
  Temple: 22 daAuts
